 Dungeon Crawl Stone Soup version 0.21.0-3-g78d12a8 (webtiles) character file.

5912 GnollRedding the Fighter (level 10, -7/104 HPs)
             Began as a Hill Orc Berserker on Jan 14, 2018.
             Was an Elder of Trog.
             Mangled by Gastronok (27 damage)
             ... on level 8 of the Dungeon.
             The game lasted 01:31:16 (11585 turns).

GnollRedding the Fighter (Hill Orc Berserker)      Turns: 11585, Time: 01:31:17

Health: -7/104     AC: 19    Str: 20 (24) XL:     10   Next: 82%
Magic:  0/0        EV:  9    Int:  5 (7)  God:    Trog [****..]
Gold:   325        SH:  0    Dex:  9 (10) Spells: 9/9 levels left

rFire    + . .     SeeInvis .   Y - +3 battleaxe (antimagic)
rCold    . . .     Gourm    .   (shield currently unavailable)
rNeg     . . .     Faith    +   b - +0 plate armour
rPois    +         Spirit   .   W - +0 helmet
rElec    +         Reflect  .   G - +0 cloak
rCorr    +         Harm     .   (no gloves)
MR       +++..                  R - +0 pair of boots "Icirorph" {rElec MR+ rCorr MP-9} (curse)
Stlth    ..........             j - amulet of faith
HPRegen  2.07/turn              X - ring of protection from fire
MPRegen  0.07/turn              K - ring of poison resistance

@: very slightly contaminated, regenerating, drained, invisible
A: repulsion field 1, deterioration 1, poison resistance, regeneration 2
a: Berserk, Trog's Hand, Brothers in Arms, Burn Spellbooks, Renounce Religion


You were on level 8 of the Dungeon.
You worshipped Trog.
Trog was greatly pleased with you.
You were very hungry.

You visited 1 branch of the dungeon, and saw 8 of its levels.

You collected 534 gold pieces.
You spent 209 gold pieces at shops.

Inventory:

Hand Weapons
 a - a +0 hand axe
 t - a +1 whip of electrocution
 H - the +9 mace "Sarcophage" {crush, *Drain +Rage Dex+4}
   (You found it on level 5 of the Dungeon)

   It inflicts extra damage upon your enemies.
   It affects your dexterity (+4).
   It lets you go berserk.
   It causes draining when unequipped.
 N - a +2 battleaxe
 Y - a +3 antimagic battleaxe (weapon)
Missiles
 f - 234 stones (quivered)
 T - 7 poisoned tomahawks
Armour
 b - a +0 plate armour (worn)
 s - a +2 scale mail of fire resistance
 v - a +0 ring mail
 y - a +0 shield
 D - a +0 large shield
 G - a +0 cloak (worn)
 I - a +0 scale mail of fire resistance
 R - the cursed +0 pair of boots "Icirorph" (worn) {rElec MR+ rCorr MP-9}
   (You bought it in a shop on level 6 of the Dungeon)

   It insulates you from electricity.
   It affects your resistance to hostile enchantments.
   It affects your magic capacity (-9).
   It protects you from acid and corrosion.
   It has a curse placed upon it.
 W - a +0 helmet (worn)
Jewellery
 j - an amulet of faith (around neck)
 o - an uncursed ring of positive energy
 p - an uncursed ring of ice
 u - an uncursed amulet of magic regeneration {unknown}
 K - a ring of poison resistance (right hand)
 X - a ring of protection from fire (left hand)
 Z - an uncursed ring of protection from magic {unknown}
Wands
 x - a wand of flame (51)
 B - a wand of random effects (16)
 M - a wand of iceblast (10)
 S - a wand of disintegration (11)
 U - a wand of paralysis (10)
Scrolls
 d - a scroll of fear {unknown}
 g - a scroll of blinking {unknown}
 h - 4 scrolls of identify
 i - 5 scrolls of remove curse
 k - 2 scrolls of enchant armour {unknown}
 m - 2 scrolls of teleportation
 A - a scroll of immolation {unknown}
 C - 2 scrolls of amnesia {unknown}
 F - a scroll of enchant weapon {unknown}
 J - 2 scrolls of fog {unknown}
 O - a scroll of noise {unknown}
Potions
 e - a potion of haste
 n - a potion of curing
 q - a potion of agility
 w - a potion of degeneration
 z - 2 potions of flight
 E - a potion of heal wounds {unknown}
 P - a potion of berserk rage {unknown}
 Q - a potion of cancellation {unknown}
Books
 r - a book of Changes

   Spells                             Type                      Level
   a - Beastly Appendage              Transmutation                1
   b - Sticks to Snakes               Transmutation                2
   c - Spider Form                    Transmutation/Poison         3
   d - Ice Form                       Ice/Transmutation            4
   e - Blade Hands                    Transmutation                5
   Trog disapproves of the use of such an item.
 L - a book of Changes

   Spells                             Type                      Level
   a - Beastly Appendage              Transmutation                1
   b - Sticks to Snakes               Transmutation                2
   c - Spider Form                    Transmutation/Poison         3
   d - Ice Form                       Ice/Transmutation            4
   e - Blade Hands                    Transmutation                5
   Trog disapproves of the use of such an item.
Comestibles
 c - 11 rations


   Skills:
 + Level 14.9(14.7) Fighting
 - Level 4.0(4.1) Axes
 - Level 1.7(2.6) Maces & Flails
 + Level 10.3(10.2) Armour
 - Level 1.5(1.4) Dodging


You had 9 spell levels left.
You didn't know any spells.

Dungeon Overview and Level Annotations

Branches:
Dungeon (8/15)             Temple (0/1) D:7
   Lair: D:8-11

Altars:
Nemelex Xobeh
Ru
Sif Muna
Wu Jian

Shops:
D:6 [

Annotations:
D:8 Gastronok


Innate Abilities, Weirdness & Mutations

You are surrounded by a mild repulsion field. (EV +2)
Your body sometimes deteriorates upon taking damage.
Your system is resistant to poisons. (rPois)
You heal very quickly.


Message History

Gastronok is heavily wounded.
Gastronok bites you!!
* * * LOW HITPOINT WARNING * * *
You slash Gastronok!
Gastronok's magic leaks into the air.
Gastronok is heavily wounded.
Gastronok gurgles.
Gastronok bites you but does no damage.
You hit Gastronok.
Gastronok's magic leaks into the air.
Gastronok is heavily wounded.
You slash Gastronok!
Gastronok's magic leaks into the air.
Gastronok is severely wounded.
Gastronok falters for a moment.
You hit Gastronok.
Gastronok's magic leaks into the air.
Gastronok is severely wounded.
Gastronok bites you!!
* * * LOW HITPOINT WARNING * * *
You hit Gastronok.
Gastronok's magic leaks into the air.
Gastronok is severely wounded.
Gastronok bites you!!
You die...

.###.............####....##
..#...........##..##.....#
..............##..........
.........................#
##........####............
##......### ###..........
.# ##......... ..
###).#...... #..
##w@####..... #.. ##..##
#.... #..##..## #.. #....##
#. #....## #.....##
#....##y.y## ..... ##...#
..w. ##...#


You could see Gastronok.

Vanquished Creatures
  A two-headed ogre (D:5)
  Pikel (D:4)
  2 hippogriffs (D:7)
  Menkaure (D:4)
  Edmund (D:5)
  Duvessa (D:4)
  A water moccasin (D:4)
  2 orc warriors
  A sky beast (D:8)
  3 slaves (D:4)
  A black bear (D:6)
  6 phantoms
  An ogre (D:6)
  A centaur (D:8)
  A crocodile (D:7)
  Blork the orc (D:5)
  4 bullfrogs
  A gnoll sergeant (D:6)
  Dowan (D:4)
  2 scorpions
  A water moccasin skeleton (D:4)
  18 killer bees
  A howler monkey (D:6)
  A wight (D:8)
  2 electric eels (D:3)
  2 crimson imps (D:6)
  A hound (D:5)
  Crazy Yiuf (D:5)
  2 centaur skeletons
  3 orc priests
  A bullfrog skeleton (D:2)
  3 iguanas
  A gnoll shaman (D:7)
  Ijyb (D:5)
  12 orc wizards
  7 worker ants
  A howler monkey zombie (D:7)
  7 gnolls
  A shadow imp (D:6)
  3 oozes
  An adder skeleton (D:4)
  2 worms
  8 dart slugs
  5 leopard geckos
  31 orcs
  A ball python (D:6)
  6 giant cockroaches
  6 goblins
  10 hobgoblins
  12 jackals
  4 kobolds
  4 quokkas
  3 bats (D:1)
  3 frilled lizards
  2 leopard gecko skeletons
  2 quokka skeletons (D:7)
  5 rats
207 creatures vanquished.

Vanquished Creatures (collateral kills)
  A centaur (D:8)
  A bullfrog (D:8)
  4 wights (D:8)
6 creatures vanquished.

Grand Total: 213 creatures vanquished

Notes
Turn   | Place    | Note
-------+----------+-------------------------------------------
     0 | D:1      | GnollRedding the Hill Orc Berserker began the quest for the Orb.
     0 | D:1      | Reached XP level 1. HP: 19/19 MP: 1/1
   436 | D:1      | Reached skill level 4 in Fighting
   764 | D:1      | Reached XP level 2. HP: 27/27 MP: 2/2
  1114 | D:1      | Reached skill level 5 in Fighting
  1114 | D:1      | Reached XP level 3. HP: 16/36 MP: 3/3
  2010 | D:2      | Reached skill level 6 in Fighting
  2010 | D:2      | Reached XP level 4. HP: 44/44 MP: 4/4
  2245 | D:2      | Reached ** piety under Trog
  3114 | D:3      | Found a transporter.
  3188 | D:3      | Reached XP level 5. HP: 49/51 MP: 5/5
  3424 | D:3      | Reached skill level 7 in Fighting
  3500 | D:3      | Found a transporter.
  3888 | D:3      | Reached *** piety under Trog
  3888 | D:3      | Reached skill level 8 in Fighting
  3888 | D:3      | Reached XP level 6. HP: 4/61 MP: 6/6
  4283 | D:4      | Noticed a slave
  4284 | D:4      | Noticed a slave
  4700 | D:4      | Noticed Duvessa
  4701 | D:4      | Noticed Dowan
  4735 | D:4      | Killed Duvessa
  4735 | D:4      | Reached skill level 9 in Fighting
  4735 | D:4      | Reached XP level 7. HP: 66/70 MP: 7/7
  4851 | D:4      | Killed Dowan
  4967 | D:4      | Noticed Menkaure
  5458 | D:4      | Noticed Pikel
  5510 | D:4      | Killed Pikel
  5510 | D:4      | Reached skill level 11 in Fighting
  5510 | D:4      | Reached XP level 8. HP: 75/82 MP: 8/8
  5675 | D:4      | Killed Menkaure
  5675 | D:4      | Reached skill level 1 in Maces & Flails
  6213 | D:5      | Entered Level 5 of the Dungeon
  6539 | D:5      | Noticed Edmund
  6567 | D:5      | Killed Edmund
  6567 | D:5      | Reached skill level 12 in Fighting
  6567 | D:5      | Reached skill level 5 in Armour
  6653 | D:5      | Reached XP level 9. HP: 90/90 MP: 9/9
  6733 | D:5      | Found a runed door.
  6803 | D:5      | Noticed a two-headed ogre
  7084 | D:5      | Noticed Ijyb
  7094 | D:5      | Killed Ijyb
  7094 | D:5      | Reached **** piety under Trog
  7114 | D:5      | Noticed Blork the orc
  7139 | D:5      | Killed Blork the orc
  7402 | D:5      | Noticed Crazy Yiuf
  7414 | D:5      | Killed Crazy Yiuf
  7419 | D:5      | Got a brightly glowing mace
  7423 | D:5      | Identified the +9 mace "Sarcophage" {crush, *Drain +Rage Dex+4} (You found it on level 5 of the Dungeon)
  7671 | D:5      | Killed a two-headed ogre
  7671 | D:5      | Reached skill level 13 in Fighting
  8787 | D:6      | Reached XP level 10. HP: 92/101 MP: 10/10
  8897 | D:6      | Reached ***** piety under Trog
  9275 | D:6      | Found Optoppic's Antique Armour Shop.
  9279 | D:6      | Bought a pair of heavily runed boots for 209 gold pieces
  9284 | D:6      | Identified the cursed +0 pair of boots "Icirorph" {rElec MR+ rCorr MP-9} (You bought it in a shop on level 6 of the Dungeon)
  9476 | D:7      | Received a gift from Trog
  9734 | D:7      | Reached skill level 14 in Fighting
  9798 | D:7      | Paralysed by an orc warrior for 5 turns
 10328 | D:7      | Received a gift from Trog
 10507 | D:7      | Gained mutation: Your natural rate of healing is unusually fast. [potion of mutation]
 10507 | D:7      | Gained mutation: You heal very quickly. [potion of mutation]
 10507 | D:7      | Gained mutation: Your system is resistant to poisons. (rPois) [potion of mutation]
 10571 | D:7      | Found a staircase to the Ecumenical Temple.
 11028 | D:8      | Gained mutation: Your body sometimes deteriorates upon taking damage. [potion of mutation]
 11028 | D:8      | Gained mutation: You are surrounded by a mild repulsion field. (EV +2) [potion of mutation]
 11170 | D:8      | Found a sparkling altar of Nemelex Xobeh.
 11170 | D:8      | Found a faded altar of an unknown god.
 11176 | D:8      | Found an ornate altar of the Wu Jian Council.
 11178 | D:8      | Found a faded altar of an unknown god.
 11180 | D:8      | Found a deep blue altar of Sif Muna.
 11292 | D:8      | Reached skill level 10 in Armour
 11322 | D:8      | Found a sacrificial altar of Ru.
 11512 | D:8      | Noticed Gastronok
 11585 | D:8      | Mangled by Gastronok

Skill      XL: |  1  2  3  4  5  6  7  8  9 10 |
---------------+-------------------------------+-----
Fighting       | 4 5 6 8 9 11 12 13 14 | 14.9
Maces & Flails | 1 |  1.7
Armour         | 5 8 10 | 10.3
Axes           | |  4.0
Dodging        | |  1.5

Action                   |  1- 3 |  4- 6 |  7- 9 | 10-12 || total
-------------------------+-------+-------+-------+-------++-------
Melee: Hand axe          |    91 |   204 |    76 |       ||   371
       Whip              |       |       |   273 |   322 ||   595
       Battleaxe         |       |       |       |    18 ||    18
Throw: Stone             |    22 |    68 |    90 |    94 ||   274
Invok: Berserk           |     2 |     2 |     7 |     1 ||    12
       Trog's Hand       |       |       |     1 |     8 ||     9
       Brothers in Arms  |       |       |       |     2 ||     2
Evoke: Wand              |       |     2 |     4 |    16 ||    22
  Use: Scroll            |       |       |     5 |     1 ||     6
       Potion            |       |       |     2 |     4 ||     6
 Stab: Sleeping          |     1 |       |       |       ||     1
       Paralysed         |       |       |       |     6 ||     6
  Eat: Ration            |     1 |     2 |     3 |     1 ||     7
       Chunk             |       |     6 |    10 |     9 ||    25
Armor: Animal skin       |    10 |     2 |       |       ||    12
       Leather armour    |       |    13 |       |       ||    13
       Ring mail         |       |    15 |       |       ||    15
       Scale mail        |       |    11 |    19 |       ||    30
       Plate armour      |       |       |   119 |   253 ||   372
Dodge: Dodged            |    48 |    90 |   105 |   146 ||   389
